 Dungeon Crawl Stone Soup version 0.30-a0-297-g0ec75d9ef4 (webtiles) character file.

Game seed: 17015275824768087457

7011 plokij the Fighter (level 10, -6/91 HPs)
             Began as a Minotaur Fighter on Oct 19, 2022.
             Was a Believer of Okawaru.
             Mangled by a sixfirhy (12 damage)
             ... on level 1 of the Abyss.
             The game lasted 00:38:32 (9566 turns).

plokij the Fighter (Minotaur Fighter)               Turns: 9566, Time: 00:38:32

Health: -6/91      AC: 14    Str: 25    XL:     10   Next: 82%
Magic:  9/9        EV: 12    Int:  5    God:    Okawaru [**....]
Gold:   542        SH:  7    Dex: 22    Spells: 9/9 levels left

rFire   . . .      SeeInvis .    a - +0 war axe
rCold   . . .      Faith    .    c - +0 buckler
rNeg    . . .      Spirit   .    C - +0 plate armour
rPois   .          Reflect  .    (helmet restricted)
rElec   .          Harm     .    (no cloak)
rCorr   .          Rampage  .    (no gloves)
Will    .....                    (no boots)
Stlth   ..........               (no amulet)
HPRegen 0.35/turn                q - +6 ring of dexterity
MPRegen 0.11/turn                b - +6 ring of dexterity

@: unable to drink
A: horns 2, retaliatory headbutt, hooves 1, inability to drink after injury 1
a: Renounce Religion, Heroism


You were on level 1 of the Abyss.
You worshipped Okawaru.
Okawaru was pleased with you.
You visited 2 branches of the dungeon, and saw 10 of its levels.
You visited the Abyss 1 time.
You also visited: Ossuary.

You collected 542 gold pieces.

Inventory:

Hand Weapons
 a - a +0 war axe (weapon)
 L - the +7 staff of the Meek {protect, meekguard}
   (You found it on level 6 of the Dungeon)

   It grants its wielder temporary protection when it strikes (+7 to AC).
   It provides extra protection to wielders with little health.
 M - a +0 shortbow
Armour
 c - a +0 buckler (worn)
 C - a +0 plate armour (worn)
 R - +0 steam dragon scales
Magical Staves
 m - a staff of earth
Jewellery
 b - a +6 ring of dexterity (right hand)
 i - a ring of wizardry
 q - a +6 ring of dexterity (left hand)
 N - a ring of wizardry
Wands
 r - a wand of mindburst (24)
 s - a wand of iceblast (13)
 O - a wand of paralysis (9)
 P - a wand of flame (26)
Scrolls
 e - 2 scrolls of fog {unknown}
 l - 4 scrolls of brand weapon {unknown}
 o - 9 scrolls of identify {unknown}
 p - 2 scrolls of vulnerability {unknown}
 t - 3 scrolls of fear {unknown}
 x - 5 scrolls of immolation {unknown}
 y - a scroll of amnesia {unknown}
 z - a scroll of enchant weapon {unknown}
 A - a scroll of torment {unknown}
 B - a scroll of enchant armour {unknown}
 D - 3 scrolls of poison {unknown}
 E - 2 scrolls of blinking {unknown}
 H - 2 scrolls of magic mapping {unknown}
 K - 2 scrolls of teleportation {unknown}
 Q - a scroll of noise {unknown}
Potions
 d - 2 potions of might
 f - a potion of invisibility
 g - 3 potions of flight
 h - 2 potions of mutation
 j - 4 potions of curing
 k - a potion of ambrosia {unknown}
 n - 4 potions of degeneration {unknown}
 u - a potion of berserk rage {unknown}
 v - 3 potions of attraction {unknown}
 w - 4 potions of heal wounds {unknown}
 F - 2 potions of resistance {unknown}
 G - a potion of haste {unknown}
 I - a potion of brilliance {unknown}
 J - a potion of lignification {unknown}


   Skills:
 + Level 9.4 Fighting
 + Level 9.4 Axes
 + Level 9.2 Armour
 * Level 9.1 Dodging
 + Level 9.3 Shields


You had 9 spell levels left.
You didn't know any spells.
Your spell library contained the following spells:

 Spells                   Type           Power      Damage    Failure   Level
 Apportation              Tloc           0%         N/A       100%        1
 Necrotise                Necr           0%         1d4       100%        1
 Ignite Poison            Fire/Tmut/Pois 0%         N/A       100%        3
 Sticky Flame             Conj/Fire      0%         2d3       100%        4
 Ignition                 Fire           0%         3d3       100%        8
 Summon Small Mammal      Summ           Unusable   N/A       N/A         1

Dungeon Overview and Level Annotations

Branches:
Dungeon (9/15)             Temple (1/1) D:7         Ossuary (visited)
   Lair: D:8-11         Orc: D:9-12

Altars:
Ashenzari
Cheibriados
Dithmenos
Elyvilon
Fedhas
Gozag
Hepliaklqana
Kikubaaqudgha
Makhleb
Nemelex Xobeh
Okawaru
Qazlal
Ru
Sif Muna
Trog
Uskayaw
Vehumet
Wu Jian
Xom
Yredelemnul
Zin
The Shining One

Annotations:
D:8 3 runed translucent doors, SkeletonJelly's ghost, novice MiFi
D:9 exclusion: oklob plant, Amaemon; Maggie


Innate Abilities, Weirdness & Mutations

You have a pair of horns on your head.
You reflexively headbutt those who attack you in melee.
You have large cloven feet.
You occasionally lose the ability to drink potions when taking damage.


Message History

Maggie is heavily wounded.
Maggie closely misses you.
You closely miss Maggie.
Maggie is heavily wounded.
You feel like a meek peon again.
You hit Maggie. You headbutt Maggie, but do no damage.
Maggie is heavily wounded.
Maggie hits you with a +1 glaive of distortion!
* * * LOW HITPOINT WARNING * * *
Space warps horribly around you!
* * * LOW HITPOINT WARNING * * *
It was a potion of mutation.
You feel extremely strange.
Your feet thicken and deform.
You occasionally lose the ability to drink potions when taking damage.
You feel stupid.
You feel clever.
Maggie casts a spell.
Maggie draws you further into her thrall.
It was a potion of curing.
You feel better. Maggie hits you but does no damage.
You are cast into the Abyss!
This branch contains the abyssal rune of Zot.
You start resting.
Magic restored.
You start resting.
A sixfirhy comes into view.
A sixfirhy is nearby!
The sixfirhy hits you. The sixfirhy shocks you!
* * * LOW HITPOINT WARNING * * *
The sixfirhy hits you but does no damage.
You slash the sixfirhy! Your kick misses the sixfirhy.
Your headbutt misses the sixfirhy.
The sixfirhy is heavily wounded.
The sixfirhy hits you.
* * * LOW HITPOINT WARNING * * *
The sixfirhy shocks you!
* * * LOW HITPOINT WARNING * * *
The sixfirhy hits you!
* * * LOW HITPOINT WARNING * * *
The sixfirhy shocks you!
You feel threatened and lose the ability to drink potions!
You die...

## #.. #.#
... .. ## #..
####.##.#.
...
#.........
..#
#.8.8.8.#.
#.#
#.........
#.##.........
#@3.........
#.#......#.
#.#......# .
............
####........#
....8.8.#.
..........
.##...###..


You could see a sixfirhy.

Vanquished Creatures
  3 two-headed ogres
  Prince Ribbit (D:7)
  A wraith (Ossuary)
  5 yaks (D:8)
  A steam dragon (D:8)
  2 water moccasins (D:7)
  An acid dragon (D:7)
  A sky beast (D:7)
  Duvessa (D:7)
  3 orc warriors
  5 ice beasts
  A black bear (D:6)
  2 centaurs
  A phantom (D:4)
  4 bullfrogs
  A necrophage (D:4)
  A gnoll sergeant (D:7)
  10 wights
  Dowan (D:7)
  5 killer bees (D:9)
  A crimson imp (D:6)
  3 hounds
  12 jellies
  5 orc priests
  A gnoll bouda (D:5)
  3 iguanas
  6 orc wizards
  A mummy (Ossuary)
  Robin (D:3)
  19 gnolls
  4 adders
  2 shadow imps
  2 worms
  4 dart slugs
  39 orcs
  14 endoplasms
  5 giant cockroaches
  17 goblins
  9 hobgoblins
  6 jackals
  5 kobolds
  3 quokkas
  9 ball pythons
  4 bats
  2 frilled lizards (D:3)
  4 gnoll skeletons (Ossuary)
  7 kobold skeletons (Ossuary)
  14 orc skeletons (Ossuary)
  10 rats
262 creatures vanquished.

Vanquished Creatures (others)
  7 fungi (D:9)
7 creatures vanquished.

Grand Total: 269 creatures vanquished

Notes
Turn   | Place    | Note
-------+----------+-------------------------------------------
     0 | D:1      | plokij the Minotaur Fighter began the quest for the Orb.
     0 | D:1      | Reached XP level 1. HP: 19/19 MP: 0/0
   876 | D:2      | Reached XP level 2. HP: 24/27 MP: 1/1
   902 | D:2      | Reached skill level 1 in Dodging
   902 | D:2      | Reached XP level 3. HP: 28/33 MP: 2/2
  1323 | D:2      | Reached XP level 4. HP: 40/40 MP: 3/3
  1438 | D:3      | Found an opulent altar of Gozag.
  1510 | D:3      | Noticed Robin
  1530 | D:3      | Killed Robin
  1663 | D:3      | Found a bloodstained altar of Trog.
  1777 | D:3      | You fall into a shaft and drop 1 floor!
  1784 | D:4      | Noticed a phantom
  1792 | D:4      | Killed a phantom
  1793 | D:4      | Reached XP level 5. HP: 37/47 MP: 4/4
  1954 | D:3      | Found a glowing golden altar of the Shining One.
  1986 | D:3      | Found a shadowy altar of Dithmenos.
  2345 | D:4      | Reached XP level 6. HP: 39/53 MP: 5/5
  2604 | D:4      | Reached skill level 5 in Shields
  2609 | D:4      | Reached skill level 5 in Axes
  2824 | D:4      | Reached skill level 5 in Armour
  3069 | D:5      | Entered Level 5 of the Dungeon
  3100 | D:5      | Reached skill level 5 in Fighting
  3100 | D:5      | Reached XP level 7. HP: 35/61 MP: 6/6
  3628 | D:5      | Found a sand-covered staircase.
  3633 | Ossuary  | Entered an ossuary
  3633 | Ossuary  | Noticed a wraith
  3633 | Ossuary  | Noticed a wraith
  3633 | Ossuary  | Noticed a wraith
  3772 | Ossuary  | Noticed a wraith
  3813 | Ossuary  | Killed a wraith
  4417 | D:5      | Found a shimmering blue altar of Sif Muna.
  4472 | D:5      | Reached skill level 5 in Dodging
  4691 | D:5      | Reached XP level 8. HP: 27/70 MP: 7/7
  5143 | D:6      | Noticed a two-headed ogre
  5346 | D:6      | Found the +7 staff of the Meek {protect, meekguard}
  5852 | D:6      | Found a burning altar of Makhleb.
  6327 | D:7      | Noticed Duvessa
  6328 | D:7      | Found a large runed translucent door.
  6328 | D:7      | Noticed Dowan
  6329 | D:7      | Found a large runed translucent door.
  6349 | D:7      | Killed Duvessa
  6351 | D:7      | Killed Dowan
  6428 | D:7      | Reached XP level 9. HP: 76/78 MP: 8/8
  6553 | D:7      | Noticed Prince Ribbit
  6791 | D:7      | Killed Prince Ribbit
  6906 | D:6      | Killed a two-headed ogre
  7081 | D:7      | Found a staircase to the Ecumenical Temple.
  7126 | Temple   | Entered the Ecumenical Temple
  7731 | D:7      | Found a sparkling altar of Nemelex Xobeh.
  7738 | D:7      | Found an iron altar of Okawaru.
  7742 | D:7      | Became a worshipper of Warmaster Okawaru
  7778 | D:8      | Reached XP level 10. HP: 82/88 MP: 9/9
  7868 | D:8      | Found a snail-covered altar of Cheibriados.
  8086 | D:8      | Found a basalt altar of Yredelemnul.
  8266 | D:8      | Identified the +7 dagger "Xoabem" {speed, rElec rPois rC+}
  8325 | D:8      | Noticed a two-headed ogre
  8343 | D:8      | Killed a two-headed ogre
  8343 | D:8      | Reached * piety under Okawaru
  8555 | D:8      | Found a runed translucent gate.
  8556 | D:8      | Found a runed translucent gate.
  8557 | D:8      | Found a runed translucent gate.
  8558 | D:8      | Noticed SkeletonJelly's ghost (novice MiFi)
  8585 | D:8      | Noticed a two-headed ogre
  8624 | D:8      | Killed a two-headed ogre
  8624 | D:8      | Reached ** piety under Okawaru
  9204 | D:9      | Noticed an oklob plant
  9316 | D:9      | Noticed Amaemon
  9389 | D:9      | Found a hide-covered altar of Uskayaw.
  9409 | D:9      | Noticed Maggie
  9512 | D:9      | Gained mutation: You have large cloven feet. [potion of
                  | mutation]
  9512 | D:9      | Gained mutation: You occasionally lose the ability to drink
                  | potions when taking damage. [potion of mutation]
  9512 | D:9      | Gained mutation: You are dopey. (Int -2) [potion of
                  | mutation]
  9512 | D:9      | Lost mutation: You are dopey. (Int -2) [potion of mutation]
  9513 | Abyss:1  | Cast into level 1 of the Abyss (Maggie)
  9561 | Abyss:1  | Noticed a sixfirhy
  9566 | Abyss:1  | Mangled by a sixfirhy

Illustrated notes

Levels and vault maps discovered:
D:1:      spicycebolla_arrival_xxxplode, layout_loops_ring, minmay_crystal_room
D:2:      layout_rooms
D:3:      layout_basic, grunt_gozag_statues, nicolae_dithmenos_the_darkroom,
          trog_butcher_becter, tso_metal_star, minmay_vboxes, uniq_robin
D:4:      layout_cave_pools
D:5:      layout_basic, pf_just_have_faith, enter_ossuary_2, minivault_24
D:6:      layout_basic, makhleb_grotto_becter, pf_guarded_unrand_meek
D:7:      layout_cave_pools, jmf_multi_god_temple2, temple_pool_b,
          uniq_prince_ribbit1, uniq_duvessa
D:8:      layout_loops_ring, lemuel_coloured_pillars_altar,
          nicolae_overflow_crystal_walls, gammafunk_ghost_necromancy,
          sigmund_army
D:9:      lemuel_slime, layout_loops_ring, eat_drink_and_be_merry_uskayaw,
          uniq_maggie, uniq_amaemon, uniq_maurice
Temple:   bh_familiar_temple
Abyss:1:  base:
D:4

Skill      XL: |  1  2  3  4  5  6  7  8  9 10 |
---------------+-------------------------------+-----
Axes           | 3 4 5 6 8 9 |  9.4
Armour         | 4 5 6 8 9 |  9.2
Dodging        | 1 2 3 5 6 7 9 |  9.1
Shields        | 4 5 6 8 9 |  9.3
Fighting       | 4 5 6 8 9 |  9.4

Action                   |  1- 3 |  4- 6 |  7- 9 | 10-12 || total
-------------------------+-------+-------+-------+-------++-------
Melee: War axe           |    68 |   160 |   266 |   138 ||   632
       Headbutt          |     7 |    20 |    71 |    38 ||   136
Invok: Heroism           |       |       |       |     1 ||     1
  Use: Potion            |       |       |       |     3 ||     3
Armor: Scale mail        |    32 |    37 |       |       ||    69
       Chain mail        |       |    60 |     5 |       ||    65
       Plate armour      |       |       |   116 |    34 ||   150
Dodge: Dodged            |    41 |    76 |    94 |    64 ||   275
Block: Buckler           |    15 |    27 |    90 |    50 ||   182

Table legend: (Time is in decaauts)
 A = Elapsed time spent in this place.
 B = Non-inter-level travel time spent in this place.
 C = Inter-level travel time spent in this place.
 D = Time resting spent in this place.
 E = Time spent auto-exploring this place.
 F = Levels seen in this place.
 G = Mean time per level.
                   A        B        C        D        E       F      G
               +--------+--------+--------+--------+--------+-----+--------+
         Total |   9733 |   7836 |   1897 |   2047 |   3702 |  12 |  811.1 |
       Dungeon |   8911 |   7091 |   1820 |   1789 |   3543 |   9 |  990.1 |
        Temple |    240 |    163 |     77 |      0 |    159 |   1 |  240.0 |
         Abyss |     52 |     52 |      0 |     46 |      0 |   1 |   52.0 |
       Ossuary |    528 |    528 |      0 |    212 |      0 |   1 |  528.0 |
               +--------+--------+--------+--------+--------+-----+--------+

Top non-repeatable levels by time:
     D:5: 1658 daAuts
     D:8: 1459 daAuts
     D:6: 1304 daAuts
     D:7: 1035 daAuts
     D:3: 917 daAuts
     D:1: 865 daAuts
     D:4: 853 daAuts
 Ossuary: 528 daAuts
     D:2: 512 daAuts
     D:9: 305 daAuts
  Temple: 240 daAuts
 Abyss:1: 52 daAuts
